 Dungeon Crawl Stone Soup version 0.29.1-15-g9cfb28693d (webtiles) character file.

Game seed: 5718773362934609807

449 Kaiern the Caller (level 7, 47/47 HPs)
             Began as an Octopode Summoner on Mar 8, 2023.
             Was an Initiate of Gozag.
             Quit the game on level 4 of the Dungeon on Mar 22, 2023.
             The game lasted 00:17:24 (4816 turns).

Kaiern the Caller (Octopode Summoner)               Turns: 4816, Time: 00:17:24

Health: 47/47      AC:  1    Str:  8    XL:     7   Next: 4%
Magic:  13/13      EV: 17    Int: 19    God:    Gozag
Gold:   311        SH:  0    Dex: 12    Spells: 5/14 levels left

rFire   . . .      SeeInvis .   k - +0 sling
rCold   . . .      Faith    .   (no shield)
rNeg    . . .      Spirit   .   (helmet restricted)
rPois   .          Reflect  .   (no amulet)
rElec   .          Harm     .   n - +4 ring of evasion
rCorr   +          Rampage  .   s - ring of resist corrosion
Will    .....                   (no ring)
Stlth   +++.......              (no ring)
HPRegen 0.15/turn               (no ring)
MPRegen 0.13/turn               (no ring)
                                (no ring)
                                (no ring)

@: no status effects
A: almost no armour, amphibious, 8 rings, camouflage 1, gelatinous body 1,
(nimble swimmer 1), tentacles
a: Renounce Religion, Potion Petition, Call Merchant, Bribe Branch


You were on level 4 of the Dungeon.
You worshipped Gozag.
Gozag was aware of your devotion.
You visited 2 branches of the dungeon, and saw 5 of its levels.

You collected 394 gold pieces.
You paid 83 gold pieces to Gozag.

Inventory:

Hand Weapons
 g - a +0 vorpal hand axe
 k - a +0 sling (weapon)
Jewellery
 n - a +4 ring of evasion (left tentacle)
 s - a ring of resist corrosion (right tentacle)
Scrolls
 b - 3 scrolls of blinking {unknown}
 c - 3 scrolls of amnesia {unknown}
 e - 7 scrolls of identify {unknown}
 f - 2 scrolls of immolation {unknown}
 h - a scroll of fear {unknown}
 i - a scroll of teleportation {unknown}
 m - a scroll of brand weapon {unknown}
 q - 2 scrolls of enchant weapon {unknown}
 r - a scroll of vulnerability {unknown}
 t - a scroll of summoning {unknown}
Potions
 a - a potion of magic
 d - 3 potions of heal wounds {unknown}
 j - a potion of brilliance {unknown}
 l - 2 potions of haste {unknown}
 o - a potion of invisibility {unknown}
 p - 2 potions of curing {unknown}


   Skills:
 + Level 3.8 Fighting
 - Level 2.0 Dodging
 - Level 2.6 Stealth
 + Level 4.1 Spellcasting
 + Level 5.7 Summonings


You had 5 spell levels left.
You knew the following spells:

 Your Spells              Type           Power      Damage    Failure   Level
a - Summon Small Mammal   Summ           100%       N/A       1%          1
b - Call Imp              Summ           25%        N/A       1%          2
c - Call Canine Familiar  Summ           25%        N/A       3%          3
d - Summon Guardian Gole  Hex/Summ       14%        N/A       13%         3

Your spell library contained the following spells:

 Spells                   Type           Power      Damage    Failure   Level
 Beastly Appendage        Tmut           6%         N/A       14%         1
 Wereblood                Tmut           3%         N/A       21%         2
 Ignite Poison            Fire/Tmut/Pois 3%         N/A       38%         3
 Mephitic Cloud           Conj/Pois/Air  3%         N/A       38%         3
 Spider Form              Tmut/Pois      3%         N/A       38%         3
 Summon Lightning Spire   Summ/Air       14%        N/A       38%         4
 Freezing Cloud           Conj/Ice/Air   1%         6-21      98%         5


Dungeon Overview and Level Annotations

Branches:
Dungeon (4/15)             Temple (1/1) D:4

Altars:
Ashenzari
Dithmenos
Elyvilon
Gozag
Kikubaaqudgha
Makhleb
Nemelex Xobeh
Okawaru
Sif Muna
Trog
Uskayaw
Vehumet
Xom
Yredelemnul
Zin
The Shining One

Annotations:
D:2 1 runed translucent door, Crazy Yiuf, Natasha


Innate Abilities, Weirdness & Mutations

You cannot wear most types of armour.
You are amphibious.
You can wear up to eight rings at the same time.
Your skin changes colour to match your surroundings (Stealth+).
Your rubbery body absorbs attacks. (AC +1, EV +1)
((You are camouflaged when in or above water. (Stealth+)))
You have tentacles for arms and can constrict up to eight enemies at once.


Message History

You start resting.
Magic restored.
You swap places.
You open the door.
A ball python comes into view.
The ball python moves out of view.
The ball python hisses angrily.
There is an open door here.
The ball python bites your hound. The ball python grabs your hound.
The ball python constricts your hound.
Your hound misses the ball python. The ball python bites your hound.
The ball python constricts your hound.
Your hound bites the ball python.
The ball python dies!
You swap places.
There is an open door here.
You now have 307 gold pieces (gained 7).
You open the door.
There is an open door here.
You swap places.
You swap places.
Your hound disappears in a puff of smoke!
q - 2 scrolls labelled OCUPNEUNET (gained 1)
A goblin comes into view. It is wielding a +0 dagger.
A goblin is nearby!
Casting: Call Imp (safe; 1% risk of failure)
Confirm with . or Enter, or press ? or * to list all spells.
You don't know that spell.
Unknown command.
You shoot a sling bullet. The sling bullet hits the goblin.
You kill the goblin!
You now have 311 gold pieces (gained 4).
You see here a +0 dagger.
Done exploring.
Done exploring.
Search for what [Enter for "."]? .
Saving game... please wait.
Welcome back, Kaiern the Octopode Summoner.
Gozag says: Greed is good.
Press ? for a list of commands and other information.
Are you sure you want to abandon this character and quit the game? (Confirm with "yes".)

##.# ...# ...# #### ###
#.# ##### #.# #.#.# #.#
###.#.# #.#
....#.##########@#
###.#.##.........#
..........#####..#
###.####..#####..####
....................#
.................##.#
###.###...#.####.##.#
###.###.............#####
........................#


There were no monsters in sight!

Vanquished Creatures
  3 endoplasms
  4 jackals
  2 kobolds
  A quokka (D:3)
  2 ball pythons
  4 bats
  A frilled lizard (D:2)
  A goblin (D:4)
18 creatures vanquished.

Vanquished Creatures (collateral kills)
  A sky beast (D:4)
  A scorpion (D:4)
  2 necrophages (D:4)
  A hound (D:4)
  Natasha (D:2)
  4 adders
  2 worms
  3 dart slugs
  2 orcs (D:4)
  5 bats
  An endoplasm (D:1)
  4 giant cockroaches
  5 hobgoblins
  7 jackals
  4 quokkas
  5 ball pythons
  A frilled lizard (D:1)
  5 goblins
  4 kobolds
  3 rats (D:3)
61 creatures vanquished.

Vanquished Creatures (others)
  A frilled lizard (D:2)
1 creature vanquished.

Grand Total: 80 creatures vanquished

Notes
Turn   | Place    | Note
-------+----------+-------------------------------------------
     0 | D:1      | Kaiern the Octopode Summoner began the quest for the Orb.
     0 | D:1      | Reached XP level 1. HP: 11/11 MP: 3/3
   131 | D:1      | Reached XP level 2. HP: 18/18 MP: 1/5
   223 | D:1      | Reached skill level 1 in Fighting
   340 | D:1      | Learned a level 2 spell: Call Imp
   504 | D:1      | Reached XP level 3. HP: 23/23 MP: 6/6
  1112 | D:2      | Learned a level 3 spell: Call Canine Familiar
  1219 | D:2      | Reached XP level 4. HP: 13/29 MP: 2/8
  1678 | D:2      | Noticed Natasha
  1693 | D:2      | Killed Natasha
  1907 | D:2      | Found a runed translucent door.
  1908 | D:2      | Noticed Crazy Yiuf
  1944 | D:2      | Noticed Natasha
  2144 | D:3      | Found an iron altar of Okawaru.
  2145 | D:3      | Found a white marble altar of Elyvilon.
  2246 | D:3      | Found a faded altar of an unknown god.
  2389 | D:3      | Found a radiant altar of Vehumet.
  2611 | D:3      | Found a hide-covered altar of Uskayaw.
  2650 | D:3      | Reached XP level 5. HP: 35/35 MP: 3/9
  2933 | D:4      | Found a staircase to the Ecumenical Temple.
  2951 | Temple   | Entered the Ecumenical Temple
  3541 | Temple   | Became a worshipper of Gozag Ym Sagoz the Greedy
  3609 | D:4      | Reached skill level 5 in Summonings
  3692 | D:4      | Reached XP level 6. HP: 21/42 MP: 1/11
  4073 | D:4      | Noticed a sky beast
  4207 | D:4      | Learned a level 3 spell: Summon Guardian Golem
  4431 | D:4      | Killed a sky beast
  4432 | D:4      | Reached XP level 7. HP: 47/47 MP: 3/13
  4816 | D:4      | Quit the game

Illustrated notes

Levels and vault maps discovered:
D:1:      minmay_arrival_cross, layout_loops_ring, nicolae_titane
D:2:      layout_loops_ring, reono_crystal_passage, st_stairs_13,
          uniq_crazy_yiuf_cottage, uniq_natasha
D:3:      layout_basic, marbit_many_paths, mainiacjoe_overflow_six_doors_small,
          jmf_multi_god_temple, shapermc_ecumenical_altar_gd
D:4:      layout_basic, minmay_temple_entry_junction,
          chequers_serial_rivers_room_a
Temple:   chequers_temple_sunken

Skill      XL: |  1  2  3  4  5  6 |
---------------+-------------------+-----
Fighting       | 1 2 3 |  3.8
Spellcasting   | 3 4 |  4.1
Summonings     | 5 |  5.7
Dodging        | |  2.0
Stealth        | |  2.6

Action                   |  1- 3 |  4- 6 |  7- 9 || total
-------------------------+-------+-------+-------++-------
Melee: Short sword       |     9 |       |       ||     9
       Unarmed           |     6 |       |       ||     6
       Constrict         |     5 |     1 |       ||     6
       Tentacles         |     6 |     1 |       ||     7
       Hand axe          |     6 |     1 |       ||     7
 Fire: Sling             |       |    29 |     1 ||    30
 Cast: Summon Small Mamm |    28 |    15 |       ||    43
       Call Imp          |    10 |    17 |       ||    27
       Call Canine Famil |       |    22 |       ||    22
 Stab: Sleeping          |     1 |       |       ||     1
Armor: Skin              |     2 |     3 |       ||     5
Dodge: Dodged            |    24 |    18 |       ||    42
